 Dungeon Crawl Stone Soup version 0.21.1-1-g345015fe64 (webtiles) character file.

12834 KingHarkinian the Severer (level 11, -21/165 HPs)
             Began as a Deep Dwarf Berserker on Apr 16, 2018.
             Was a Priest of Trog.
             Demolished by a very large slime creature (30 damage)
             ... on level 10 of the Dungeon.
             The game lasted 00:51:36 (9837 turns).

KingHarkinian the Severer (Deep Dwarf Berserker)    Turns: 9837, Time: 00:51:37

Health: -21/165    AC: 13    Str: 34    XL:     11   Next: 67%
Magic:  11/11      EV: 10    Int:  7    God:    Trog [***...]
Gold:   518        SH:  0    Dex: 12    Spells: 10/10 levels left

rFire    . . .     SeeInvis .   p - +0 battleaxe
rCold    + . .     Gourm    .   (shield currently unavailable)
rNeg     . . .     Faith    .   x - +0 chain mail
rPois    .         Spirit   .   F - +0 helmet
rElec    .         Reflect  .   m - +0 cloak
rCorr    .         Harm     +   P - +0 pair of gloves
MR       +++..                  s - +0 pair of boots
Stlth    ..........             K - amulet of harm
HPRegen  1.00/turn              b - +4 ring of strength
MPRegen  0.12/turn              c - ring of protection from cold

@: berserking, non-regenerating, very quick
A: damage resistance, heal wounds, sense surroundings 2, no regeneration
a: Heal Wounds, Berserk, Trog's Hand, Burn Spellbooks, Renounce Religion


You were on level 10 of the Dungeon.
You worshipped Trog.
Trog was most pleased with you.
You were hungry.

You visited 2 branches of the dungeon, and saw 11 of its levels.
You also visited: Sewer.

You collected 518 gold pieces.


Innate Abilities, Weirdness & Mutations

You are resistant to damage.
You can heal yourself by infusing magical energy.
You passively map the area around you.
You do not regenerate.


   Skills:
 + Level 10.4 Fighting
 * Level 16.1 Axes
 - Level 2.1 Armour
 - Level 2.1 Dodging


You had 10 spell levels left.
You didn't know any spells.

Inventory:

Hand Weapons
 a - a +0 whip of electrocution
 p - a +0 battleaxe (weapon)
 q - a +0 morningstar
 V - a +6 war axe
Missiles
 n - 347 stones
 O - 6 tomahawks (quivered)
 Z - a throwing net {=f}
Armour
 m - a +0 cloak (worn)
 s - a +0 pair of boots (worn)
 x - a +0 chain mail (worn)
 F - a +0 helmet (worn)
 P - a +0 pair of gloves (worn)
Jewellery
 b - a +4 ring of strength (left hand)
 c - a ring of protection from cold (right hand)
 g - an uncursed ring of resist corrosion
 l - an uncursed ring of flight
 y - an uncursed ring of ice
 K - an amulet of harm (around neck)
Wands
 C - a wand of random effects (7)
 D - a wand of digging (9)
 I - a wand of iceblast (14)
 S - a wand of scattershot (5)
Scrolls
 h - 2 scrolls of enchant armour {unknown}
 i - 4 scrolls of fear {unknown}
 j - 2 scrolls of fog
 t - a scroll of random uselessness {unknown}
 w - 3 scrolls of enchant weapon {unknown}
 B - a scroll of noise {unknown}
 G - a scroll of immolation {unknown}
 J - a scroll of blinking {unknown}
 N - 7 scrolls of remove curse
 R - a scroll of identify {@r1}
 T - 6 scrolls of teleportation {@r4}
Potions
 d - 4 potions of flight
 e - a potion of cancellation
 f - 2 potions of invisibility
 k - a potion of mutation {!q}
 o - a potion of degeneration {!q}
 r - 6 potions of heal wounds {@q2}
 v - 3 potions of brilliance
 A - 2 potions of might
 E - a potion of agility
 H - a potion of haste {@q3}
 L - a potion of ambrosia
 M - a potion of berserk rage {!q}
 Q - 11 potions of curing {@q1}
Comestibles
 z - 17 rations

Dungeon Overview and Level Annotations

Branches:
Dungeon (10/15)            Temple (1/1) D:4
   Lair: D:8-11         Orc: D:9-12

Altars:
Ashenzari
Cheibriados
Dithmenos
Elyvilon
Fedhas
Gozag
Hepliaklqana
Kikubaaqudgha
Makhleb
Nemelex Xobeh
Okawaru
Qazlal
Ru
Sif Muna
Trog
Uskayaw
Vehumet
Wu Jian
Xom
Yredelemnul
Zin
The Shining One

Shops:
D:4 [(%:[

.....## #..#
##.#.#.#.#.## ######
##.## #...........#
#########.##
##.#.#.#.#.## ###
#.........#
#...........#
..###...####.##
##.#.#.#.#.##
##......# ###
#............##
##....##
#####.#.#.#.#.#.#.##
#....#
##..##..............#
##....#
#...@JO#.#.#.#.#J##..
##.....##
##.####.........J..###
........## #.##
#.#.#.#.#>#.## #
....###..###.#
#............# # #####
##..#..# ##.#.#.#.#.##
.## ##....#
#...........### ..##
#....# ##.#.#.#.#.#...
#..# #....##
#...........### #..##
##..#..###
##.#.#.#.#.##


You could see a very large slime creature and a two-headed ogre.


Message History

The slime creature is moderately wounded.
The slime creature hits you!
* * * LOW HITPOINT WARNING * * *
You slice the slime creature!!
The slime creature is almost dead.
Two slime creatures merge to form a large slime creature.
Use which ability? (? or * to list)
Your skin crawls.
You feel resistant to hostile enchantments.
You feel somewhat more hungry.
You can no longer call in reinforcements.
The large slime creature hits you!
* * * LOW HITPOINT WARNING * * *
Use which ability? (? or * to list)
A red film seems to cover your vision as you go berserk!
You feel yourself moving faster!
You feel mighty!
You feel a lot more hungry.
Two slime creatures merge to form a very large slime creature.
You barely miss the very large slime creature.
The very large slime creature is moderately wounded.
You are feeling hungry.
The very large slime creature hits you!!!
* * * LOW HITPOINT WARNING * * *
Your chain mail prevents you from hitting the very large slime creature.
The very large slime creature is moderately wounded.
You hit the very large slime creature.
The very large slime creature is moderately wounded.
The very large slime creature hits you!!
You die...

Action                   |  1- 3 |  4- 6 |  7- 9 | 10-12 || total
-------------------------+-------+-------+-------+-------++-------
Melee: Hand axe          |   103 |   211 |    29 |       ||   343
       War axe           |       |       |   268 |   332 ||   600
       Battleaxe         |       |       |       |    48 ||    48
Throw: Stone             |       |    47 |    86 |   101 ||   234
       Tomahawk          |       |       |    19 |    95 ||   114
Invok: Berserk           |     2 |     3 |     6 |     5 ||    16
       Trog's Hand       |     1 |     3 |     5 |    18 ||    27
 Abil: Heal Wounds       |       |     1 |     1 |     1 ||     3
Evoke: Wand              |       |       |     1 |     7 ||     8
  Use: Scroll            |       |     4 |     7 |     8 ||    19
 Stab: Confused          |       |       |     1 |       ||     1
  Eat: Chunk             |     2 |     9 |    16 |    19 ||    46
       Ration            |       |       |     1 |     2 ||     3
Armor: Chain mail        |    69 |   110 |   121 |   143 ||   443
Dodge: Dodged            |    59 |    97 |   118 |   132 ||   406

Vault maps used:
D:1:      dpeg_arrival_tiny_d
D:2:      nicolae_qazlal_style_of_elements, lemuel_crystal_altar, minmay_tall_x,
          uniq_natasha, uniq_jessica
D:3:      first_ration, mrwooster_statue_mirror, kennysheep_pointless_box,
          makhleb_heckhound_becter
D:4:      kennysheep_mini_moat, minmay_temple_entry_large_hall, serial_shops,
          shop_statue, shop, shop, nicolae_shop_waterfront,
          nicolae_shop_overgrown_old_shop, tso_metal_star, uniq_grinder,
          uniq_pikel
D:5:      portal_sewer_entry_d, uniq_ijyb, uniq_duvessa
D:6:      grunt_temple_overflow_open, ashenzari_altar_1
D:7:      lemuel_coloured_pillars_altar, uniq_menkaure
D:8:      kennysheep_mini, marbit_many_paths
D:9:      lemuel_round_altar, hangedman_little_slice_of_home, uniq_erolcha,
          uniq_grum
D:10:     st_stairs_11
Temple:   zaba_magenta_temple
Sewer:    kennysheep_pipe_town

Notes
Turn   | Place    | Note
-------+----------+-------------------------------------------
     0 | D:1      | KingHarkinian the Deep Dwarf Berserker began the quest for the Orb.
     0 | D:1      | Reached XP level 1. HP: 20/20 MP: 1/1
   392 | D:1      | Reached XP level 2. HP: 27/27 MP: 2/2
   635 | D:2      | Reached skill level 3 in Fighting
   635 | D:2      | Reached skill level 4 in Axes
   758 | D:2      | Found a shimmering altar of Xom.
   875 | D:2      | Noticed Jessica
   880 | D:2      | Killed Jessica
   880 | D:2      | Reached XP level 3. HP: 29/34 MP: 3/3
  1042 | D:2      | Reached ** piety under Trog
  1076 | D:2      | Noticed Natasha
  1083 | D:2      | Reached XP level 4. HP: 39/42 MP: 4/4
  1091 | D:2      | Killed Natasha
  1091 | D:2      | Reached skill level 5 in Axes
  1116 | D:2      | Noticed Natasha
  1126 | D:2      | Killed Natasha
  1171 | D:2      | Reached XP level 5. HP: 40/50 MP: 5/5
  1340 | D:2      | Found a stormy altar of Qazlal.
  1342 | D:2      | Noticed a water elemental
  1342 | D:2      | Noticed an air elemental
  1342 | D:2      | Noticed a fire elemental
  1438 | D:2      | Noticed Natasha
  1449 | D:2      | Killed Natasha
  1593 | D:3      | Noticed D3M0N1C's ghost (amateur DsFi)
  1609 | D:3      | Killed D3M0N1C's ghost
  1609 | D:3      | Reached skill level 4 in Fighting
  1609 | D:3      | Reached skill level 6 in Axes
  1747 | D:3      | Reached XP level 6. HP: 39/57 MP: 6/6
  2275 | D:3      | Found a burning altar of Makhleb.
  2314 | D:3      | Reached skill level 7 in Axes
  2768 | D:4      | Noticed Grinder
  2772 | D:4      | Noticed Schimscham's ghost (amateur OpWz)
  2788 | D:4      | Killed Schimscham's ghost
  2788 | D:4      | Reached XP level 7. HP: 66/66 MP: 7/7
  2790 | D:4      | Killed Grinder
  2790 | D:4      | Reached skill level 5 in Fighting
  2790 | D:4      | Reached skill level 8 in Axes
  2791 | D:4      | Found Dugan's Antique Armour Emporium.
  2949 | D:4      | Found a staircase to the Ecumenical Temple.
  3008 | D:4      | Reached *** piety under Trog
  3113 | D:4      | Found Saineliwn's Antique Weapon Shop.
  3146 | D:4      | Found Leraqiy's Book Shop.
  3234 | D:4      | Found a glowing golden altar of the Shining One.
  3238 | D:4      | Noticed Pikel
  3261 | D:4      | Killed Pikel
  3261 | D:4      | Reached skill level 6 in Fighting
  3261 | D:4      | Reached skill level 9 in Axes
  3261 | D:4      | Reached XP level 8. HP: 74/76 MP: 8/8
  3387 | D:4      | Reached skill level 10 in Axes
  3493 | D:4      | Found Cyl Dyaw's Armour Emporium.
  3501 | D:4      | Found Ingurchum's Food Emporium.
  3749 | D:4      | Found an iron altar of Okawaru.
  3773 | D:5      | Entered Level 5 of the Dungeon
  3797 | D:5      | Noticed Ijyb
  3849 | Temple   | Entered the Ecumenical Temple
  3987 | D:5      | Found a glowing drain.
  3996 | Sewer    | Entered a sewer
  4674 | D:5      | Reached **** piety under Trog
  4691 | D:5      | Killed Ijyb
  4858 | D:5      | Noticed Oravi's ghost (novice MfTm)
  4872 | D:5      | Killed Oravi's ghost
  4872 | D:5      | Reached skill level 11 in Axes
  4872 | D:5      | Gained mutation: You passively map the area around you. [Deep Dwarf growth]
  4872 | D:5      | Reached XP level 9. HP: 85/85 MP: 9/9
  4909 | D:5      | Noticed Dowan
  4910 | D:5      | Noticed Duvessa
  4921 | D:5      | Killed Duvessa
  4921 | D:5      | Reached skill level 7 in Fighting
  4926 | D:5      | Killed Dowan
  5308 | D:6      | Found an ornate altar of the Wu Jian Council.
  5310 | D:6      | Found a sparkling altar of Nemelex Xobeh.
  5313 | D:6      | Found a blossoming altar of Fedhas.
  5313 | D:6      | Found a white marble altar of Elyvilon.
  5407 | D:6      | Noticed Knicklaso's ghost (novice DsNe)
  5419 | D:6      | Killed Knicklaso's ghost
  5419 | D:6      | Reached skill level 12 in Axes
  5432 | D:6      | Found a shattered altar of Ashenzari.
  6034 | D:7      | Noticed a two-headed ogre
  6044 | D:7      | Killed a two-headed ogre
  6044 | D:7      | Reached skill level 8 in Fighting
  6104 | D:7      | Reached XP level 10. HP: 73/96 MP: 10/10
  6218 | D:7      | Noticed Menkaure
  6225 | D:7      | Killed Menkaure
  6225 | D:7      | Reached skill level 13 in Axes
  6434 | D:7      | Found a deep blue altar of Sif Muna.
  6860 | D:8      | Noticed a two-headed ogre
  6868 | D:8      | Killed a two-headed ogre
  7011 | D:8      | Reached skill level 9 in Fighting
  7011 | D:8      | Reached skill level 14 in Axes
  7231 | D:8      | Found a shadowy altar of Dithmenos.
  7342 | D:8      | Noticed Oravi's ghost (novice MfTm)
  7354 | D:8      | Killed Oravi's ghost
  7441 | D:8      | Found a hazy altar of Hepliaklqana.
  7956 | D:9      | Found a bloodstained altar of Trog.
  7998 | D:9      | Noticed Grum
  8012 | D:9      | Killed Grum
  8012 | D:9      | Reached XP level 11. HP: 36/106 MP: 11/11
  8112 | D:9      | Noticed Erolcha
  8123 | D:9      | Killed Erolcha
  8210 | D:9      | Reached skill level 15 in Axes
  8392 | D:10     | Entered Level 10 of the Dungeon
  8590 | D:10     | Noticed Peloso's ghost (journeyman DDFi)
  8630 | D:10     | Killed Peloso's ghost
  8790 | D:10     | Reached skill level 10 in Fighting
  8803 | D:10     | Noticed a two-headed ogre
  9414 | D:10     | Reached skill level 16 in Axes
  9835 | D:10     | HP: 8/165 [very large slime creature (54)]
  9837 | D:10     | Demolished by a very large slime creature

Vanquished Creatures
  The ghost of Peloso the Carver, a journeyman DDFi of Trog (D:10)
  Erolcha (D:9)
  2 two-headed ogres
  The ghost of Knicklaso the Grave Robber, a novice DsNe (D:6)
  The ghost of Oravi the Martial Artist, a novice MfTm of Qazlal (D:8)
  Pikel (D:4)
  A gargoyle (D:10)
  The ghost of Oravi the Changer, a novice MfTm (D:5)
  A centaur skeleton (D:10)
  A hornet (D:10)
  Grinder (D:4)
  A meliai zombie (D:9)
  A hippogriff (D:8)
  3 slime creatures (D:10)
  Grum (D:9)
  A wyvern (D:10)
  6 yaks (D:10)
  A hungry ghost (D:10)
  Menkaure (D:7)
  The ghost of Schimscham the Magician, an amateur OpWz of Gozag (D:4)
  Duvessa (D:5)
  2 sky beasts
  A black bear (D:7)
  A necrophage (D:8)
  2 wolves (D:9)
  2 phantoms (D:8)
  The ghost of D3M0N1C the Skirmisher, an amateur DsFi (D:3)
  3 centaurs
  7 ogres
  2 big kobolds
  2 bullfrogs
  Dowan (D:5)
  3 scorpions
  8 killer bees
  9 wights (D:10)
  8 howler monkeys
  7 crimson imps
  3 bullfrog zombies
  4 hounds
  3 quasits
  5 jellies
  5 orc priests
  10 orc wizards
  Jessica (D:2)
  2 iguanas
  4 worker ants
  Ijyb (D:5)
  Natasha (thrice) (D:2)
  A hound zombie (D:7)
  A hound skeleton (D:5)
  7 gnolls (D:5)
  14 adders
  A howler monkey skeleton (D:6)
  2 shadow imps
  7 oozes
  An adder skeleton (D:6)
  A worm (D:3)
  A dart slug (D:4)
  4 leopard geckos
  27 orcs
  8 giant cockroaches
  4 goblins
  9 hobgoblins
  10 jackals
  A quokka (D:3)
  5 ball pythons
  15 bats
  4 frilled lizards
  A jackal skeleton (D:4)
  20 kobolds
  7 rats
280 creatures vanquished.

Vanquished Creatures (others)
  An orc (D:4)
  A jackal (D:4)
2 creatures vanquished.

Grand Total: 282 creatures vanquished
